 Dungeon Crawl Stone Soup version 0.29-a0-923-g6e406bff71 (webtiles) character file.

Game seed: 18181048135219117427

894 Elmgren the Skirmisher (level 7, 0/56 HPs)
             Began as a Minotaur Hunter on July 28, 2022.
             Was an Initiate of Makhleb.
             Slain by Duvessa
             ... wielding a +0 short sword
              (16 damage)
             ... on level 5 of the Dungeon.
             The game lasted 00:13:16 (6526 turns).

Elmgren the Skirmisher (Minotaur Hunter)            Turns: 6526, Time: 00:13:16

Health: 0/56       AC:  4    Str: 16    XL:     7   Next: 78%
Magic:  6/6        EV: 15    Int:  6    God:    Makhleb [......]
Gold:   252        SH:  0    Dex: 15    Spells: 5/6 levels left

rFire   . . .      SeeInvis .   a - +0 shortbow
rCold   . . .      Faith    .   (shield currently unavailable)
rNeg    + . .      Spirit   .   g - +1 leather armour {rN+}
rPois   .          Reflect  .   (helmet restricted)
rElec   .          Harm     .   (no cloak)
rCorr   .          Rampage  .   (no gloves)
Will    .....                   (no boots)
Stlth   +.........              (no amulet)
HPRegen 0.18/turn               (no ring)
MPRegen 0.10/turn               (no ring)

@: no status effects
A: horns 2, retaliatory headbutt
a: Renounce Religion


You were on level 5 of the Dungeon.
You worshipped Makhleb.
Makhleb was noncommittal.
You visited 1 branch of the dungeon, and saw 5 of its levels.

You collected 252 gold pieces.

Inventory:

Hand Weapons
 a - a +0 shortbow (weapon)
Missiles
 n - a throwing net
Armour
 g - a +1 leather armour of positive energy (worn)
Jewellery
 r - an amulet of guardian spirit
Wands
 f - a wand of flame (16)
Scrolls
 b - a scroll of immolation
 c - a scroll of identify
 o - a scroll of magic mapping {unknown}
 p - a scroll of teleportation
Potions
 d - 2 potions of curing
 e - a potion of attraction
 h - a potion of magic {unknown}
 i - 2 potions of brilliance {unknown}
 j - a potion of invisibility {unknown}
 k - 2 potions of haste {unknown}
 l - 2 potions of degeneration {unknown}
 m - 2 potions of resistance {unknown}
 q - a potion of lignification {unknown}
 t - a potion of might {unknown}


   Skills:
 - Level 2.4 Fighting
 + Level 8.2 Ranged Weapons
 + Level 7.2 Dodging
 - Level 0.7 Stealth


You had 5 spell levels left.
You knew the following spells:

 Your Spells              Type           Power      Damage    Failure   Level
a - Summon Small Mammal   Summ           0%         N/A       52%         1

Your spell library contained the following spells:

 Spells                   Type           Power      Damage    Failure   Level
 Apportation              Tloc           0%         N/A       52%         1
 Magic Dart               Conj           0%         1d3       52%         1
 Necrotise                Necr           0%         1d4       52%         1
 Shock                    Conj/Air       0%         1d3       52%         1
 Call Imp                 Summ           0%         N/A       67%         2
 Mephitic Cloud           Conj/Pois/Air  0%         N/A       88%         3
 Swiftness                Air            0%         N/A       88%         3
 Airstrike                Air            0%         0-1+      99%         4
 Alistair's Intoxication  Tmut/Pois      0%         N/A       100%        5


Dungeon Overview and Level Annotations

Branches:
Dungeon (5/15)
 Temple: D:4-7

Altars:
Makhleb

Annotations:
D:5 1 runed translucent door, Crazy Yiuf, Duvessa


Innate Abilities, Weirdness & Mutations

You have a pair of horns on your head.
You reflexively headbutt those who attack you in melee.


Message History

The hound attacks as you move away! The hound bites you.
The hound closely misses you.
Duvessa hits you with a +0 short sword!!
You are too injured to fight recklessly!
The hound closely misses you.
You are too injured to fight recklessly!
You are too injured to fight recklessly!
You are too injured to fight recklessly!
Fire: a) +0 shortbow
Press: ? - help, Q - select action, (/) - cycle Shift-Dir - straight line, f/p - Duvessa
Aim: Duvessa, wielding a +0 short sword and wearing a +0 chain mail (lightly wounded, berserk, 74% to hit)
You shoot an arrow. The arrow closely misses the hound.
The arrow hits Duvessa.
Duvessa is lightly wounded.
The hound misses you. You furiously retaliate!
You headbutt the hound! The hound closely misses you. You furiously retaliate!
You headbutt the hound!
You kill the hound!
Makhleb accepts your kill.
Fire: a) +0 shortbow
Press: ? - help, Q - select action, (/) - cycle Shift-Dir - straight line, f/p - Duvessa
Aim: Duvessa, wielding a +0 short sword and wearing a +0 chain mail (lightly wounded, berserk, 74% to hit)
You shoot an arrow.
The arrow hits Duvessa but does no damage.
Duvessa is lightly wounded.
Duvessa rages.
Duvessa completely misses you.
Fire: a) +0 shortbow
Press: ? - help, Q - select action, (/) - cycle Shift-Dir - straight line, f/p - Duvessa
Aim: Duvessa, wielding a +0 short sword and wearing a +0 chain mail (lightly wounded, berserk, 74% to hit)
You shoot an arrow.
The arrow hits Duvessa but does no damage.
Duvessa is lightly wounded.
Duvessa barely misses you. Duvessa hits you with a +0 short sword.
Fire: a) +0 shortbow
Press: ? - help, Q - select action, (/) - cycle Shift-Dir - straight line, f/p - Duvessa
Aim: Duvessa, wielding a +0 short sword and wearing a +0 chain mail (lightly wounded, berserk, 74% to hit)
You shoot an arrow.
The arrow hits Duvessa but does no damage.
Duvessa is lightly wounded.
Duvessa misses you. Duvessa hits you with a +0 short sword!
You die...

........## #..).^.. .........#
#....... .........## ##.......
......[...# ###........
.........## ###..........
...)....## ###...##.......
.......## ###....###..#....
......## ###.......###..##..
......##### ###.@e##......##.#
.
..##......###...###........#..
.######.......#####.........#.#
.# ####...## #............. .#
###....# #.<........[. .#
##......# ##............ .#
###......## #........(... .#
#........# #............ .#
####.....# #.............


You could see Duvessa (berserk).

Vanquished Creatures
  A water moccasin (D:4)
  A black bear (D:4)
  An ogre (D:4)
  A bullfrog (D:4)
  A scorpion (D:5)
  Dowan (D:5)
  A jelly (D:4)
  Ijyb (D:5)
  3 hounds
  Jessica (D:2)
  An iguana (D:4)
  7 gnolls
  9 adders
  An ufetubus (D:4)
  3 worms
  2 dart slugs (D:1)
  An orc (D:3)
  9 endoplasms
  3 giant cockroaches
  7 goblins
  9 hobgoblins
  4 jackals (D:2)
  11 kobolds
  2 quokkas
  6 ball pythons
  4 bats
  8 frilled lizards
  5 rats
104 creatures vanquished.

Notes
Turn   | Place    | Note
-------+----------+-------------------------------------------
     0 | D:1      | Elmgren the Minotaur Hunter began the quest for the Orb.
     0 | D:1      | Reached XP level 1. HP: 18/18 MP: 0/0
    85 | D:1      | Reached XP level 2. HP: 25/25 MP: 1/1
   691 | D:1      | Reached skill level 5 in Ranged Weapons
   691 | D:1      | Reached XP level 3. HP: 29/30 MP: 2/2
   871 | D:2      | Noticed Jessica
   873 | D:2      | Killed Jessica
   956 | D:2      | Reached XP level 4. HP: 37/37 MP: 3/3
  3208 | D:3      | Reached XP level 5. HP: 42/42 MP: 4/4
  3229 | D:3      | Learned a level 1 spell: Summon Small Mammal
  3270 | D:3      | Found a faded altar of an unknown god.
  3689 | D:3      | Reached skill level 6 in Ranged Weapons
  3790 | D:3      | Identified the +2 ring mail of Starshine {rF+ MP+9}
  4293 | D:4      | Noticed an ogre
  4302 | D:4      | Killed an ogre
  4303 | D:4      | Reached skill level 5 in Dodging
  4303 | D:4      | Reached XP level 6. HP: 50/50 MP: 5/5
  4643 | D:4      | Reached skill level 7 in Ranged Weapons
  4829 | D:4      | Noticed a water moccasin
  4844 | D:4      | Killed a water moccasin
  4845 | D:4      | Reached XP level 7. HP: 32/56 MP: 6/6
  5527 | D:4      | Found a burning altar of Makhleb.
  5547 | D:4      | Became a worshipper of Makhleb the Destroyer
  6128 | D:5      | Entered Level 5 of the Dungeon
  6244 | D:5      | Noticed Ijyb
  6287 | D:5      | Killed Ijyb
  6398 | D:5      | Found a runed translucent door.
  6399 | D:5      | Noticed Crazy Yiuf
  6456 | D:5      | Reached skill level 8 in Ranged Weapons
  6508 | D:5      | Noticed Duvessa
  6508 | D:5      | Noticed Dowan
  6513 | D:5      | Killed Dowan
  6526 | D:5      | Slain by Duvessa

Illustrated notes

Levels and vault maps discovered:
D:1:      erik_arrival_blinker_ship, layout_basic
D:2:      layout_loops_cross, minmay_stone_trees_small, uniq_jessica
D:3:      layout_basic, basic_ecumenical_altar, nrook_mini_vaults, minmay_cupped
D:4:      layout_loops_corners, makhleb_heckhound_becter
D:5:      layout_cave_pods, uniq_ijyb, uniq_duvessa, uniq_sigmund,
          uniq_crazy_yiuf_cottage

Skill      XL: |  1  2  3  4  5  6  7 |
---------------+----------------------+-----
Dodging        | 3 4 5 6 7 |  7.2
Ranged Weapons | 5 6 7 8 |  8.2
Fighting       | |  2.4
Stealth        | |  0.7

Action                   |  1- 3 |  4- 6 |  7- 9 || total
-------------------------+-------+-------+-------++-------
 Fire: Shortbow          |    77 |   156 |    74 ||   307
 Cast: Summon Small Mamm |       |     2 |       ||     2
  Use: Scroll            |       |     6 |     5 ||    11
       Potion            |       |       |     3 ||     3
Armor: Leather armour    |     3 |    19 |    13 ||    35
Dodge: Dodged            |    12 |    96 |    46 ||   154

Table legend: (Time is in decaauts)
 A = Elapsed time spent in this place.
 B = Non-inter-level travel time spent in this place.
 C = Inter-level travel time spent in this place.
 D = Time resting spent in this place.
 E = Time spent auto-exploring this place.
 F = Levels seen in this place.
 G = Mean time per level.
                   A        B        C        D        E       F      G
               +--------+--------+--------+--------+--------+-----+--------+
         Total |   6594 |   6465 |    129 |   2642 |   3080 |   5 | 1318.8 |
       Dungeon |   6594 |   6465 |    129 |   2642 |   3080 |   5 | 1318.8 |
               +--------+--------+--------+--------+--------+-----+--------+

Top non-repeatable levels by time:
     D:2: 2167 daAuts
     D:4: 1997 daAuts
     D:3: 1203 daAuts
     D:1: 822 daAuts
     D:5: 403 daAuts
